 Dungeon Crawl Stone Soup version 0.20.0-15-g7f486f2 (webtiles) character file.

186 Chiseanne the Magician (level 5, -5/35 HPs)
             Began as a Demonspawn Wizard on June 14, 2017.
             Slain by Grinder (8 damage)
             ... while paralysed by Grinder
             ... on level 3 of the Dungeon.
             The game lasted 00:06:34 (3921 turns).

Chiseanne the Magician (Demonspawn Wizard)          Turns: 3921, Time: 00:06:34

Health: -5/35      AC:  5    Str:  7    XL:     5   Next: 38%
Magic:  0/11       EV:  2    Int: 20    God:
Gold:   172        SH:  0    Dex: 12    Spells: 4/13 levels left

rFire    . . .     SeeInvis .   f - +0 long sword
rCold    . . .     Gourm    .   (no shield)
rNeg     . . .     Faith    +   a - +0 robe
rPois    .         Spirit   .   w - +1 helmet
rElec    .         Reflect  .   (no cloak)
rCorr    +         Harm     .   r - +0 pair of gloves
MR       .....                  (no boots)
Stlth    ++........             x - amulet of faith
Regen    0.2/turn               b - ring of resist corrosion
MPRegen  0.2/turn               (no ring)

@: paralysed, hasted
A: large bone plates 1, powered by death 1
a: no special abilities


You were on level 3 of the Dungeon.
You were not hungry.

You visited 1 branch of the dungeon, and saw 3 of its levels.

You collected 172 gold pieces.

Inventory:

Hand Weapons
 f - a +0 long sword (weapon)
 j - a +2 dagger of venom
 p - a +0 mace
Missiles
 h - 4 tomahawks (quivered)
 i - 93 stones
 o - 15 arrows
 v - 2 throwing nets
 A - 56 sling bullets
Armour
 a - a +0 robe (worn)
 r - a +0 pair of gloves (worn)
 w - a +1 helmet (worn)
Jewellery
 b - a ring of resist corrosion (left hand)
 x - an amulet of faith (around neck)
Scrolls
 g - a scroll of teleportation
Potions
 m - a potion of flight {unknown}
 n - a potion of cancellation {unknown}
 q - a potion of berserk rage {unknown}
Comestibles
 c - 2 chunks of flesh
 d - 2 bread rations
 l - a royal jelly
 C - a meat ration


   Skills:
 - Level 1.7 Dodging
 - Level 1.7 Stealth
 * Level 4.6 Spellcasting
 * Level 3.7 Conjurations
   Level 1.0 Summonings
 - Level 0.8 Translocations


You had 4 spell levels left.
You knew the following spells:

 Your Spells              Type           Power        Failure   Level  Hunger
a - Magic Dart            Conj           ###.         2%          1    None
b - Blink                 Tloc           N/A          13%         2    #......
c - Conjure Flame         Conj/Fire      ##......     17%         3    ##.....
d - Mephitic Cloud        Conj/Pois/Air  #.......     22%         3    ##.....


Dungeon Overview and Level Annotations

Branches:
Dungeon (3/15)

Altars:
Fedhas
Okawaru

Annotations:
D:3 Grinder; loom's ghost, amateur HuSu


Innate Abilities, Weirdness & Mutations

You are partially covered in large bone plates. (SH +4)
You regenerate a little health from kills.


Message History

Grinder hits you but does no damage.
You hit Grinder.
Grinder is almost dead.
Grinder hits you but does no damage. Grinder hits you.
* * * LOW HITPOINT WARNING * * *
You writhe in agony.
* * * LOW HITPOINT WARNING * * *
Casting: Magic Dart
Confirm with . or Enter, or press ? or * to list all spells.
Aiming: Magic Dart
Press: ? - help, Shift-Dir - straight line, f/p - Grinder
Aim: Grinder (almost dead)
The magic dart hits Grinder.
Grinder is almost dead.
Grinder hits you but does no damage.
It was a potion of haste.
You feel yourself speed up. Grinder gestures at you.
You suddenly lose the ability to move!
Grinder hits you!
You die...

#.# #.....####.#####. #.#
#.<...# #.# ## ## #.##
#[....# #.> .# #..#
####### ####.# ##.# .#
#.# ######## .# #†#
#......# %#
#.####.####.########.####
#.............@5........#
######.####.######......#
#.####.# #.###..#
#......# #.# ....
######## #.# ### #.. ###


You could see Grinder.

Vanquished Creatures
  A worker ant (D:3)
  2 adders (D:2)
  7 gnolls
  An ooze (D:1)
  2 worms (D:2)
  2 dart slugs (D:1)
  A leopard gecko (D:1)
  An orc (D:3)
  6 bats
  3 giant cockroaches
  7 goblins
  8 hobgoblins
  4 jackals (D:1)
  3 quokkas (D:3)
  A ball python (D:2)
  2 frilled lizards (D:1)
  7 kobolds
  8 rats
66 creatures vanquished.

Notes
Turn   | Place    | Note
-------+----------+-------------------------------------------
     0 | D:1      | Chiseanne the Demonspawn Wizard began the quest for the Orb.
     0 | D:1      | Reached XP level 1. HP: 13/13 MP: 4/4
   466 | D:1      | Gained mutation: You are partially covered in large bone plates. (SH +4) [demonic ancestry]
   466 | D:1      | Reached XP level 2. HP: 19/19 MP: 1/6
  1033 | D:1      | Reached XP level 3. HP: 24/24 MP: 0/8
  2303 | D:2      | Gained mutation: You regenerate a little health from kills. [demonic ancestry]
  2303 | D:2      | Reached XP level 4. HP: 19/30 MP: 3/9
  2450 | D:2      | Reached skill level 4 in Spellcasting
  3021 | D:2      | Found an iron altar of Okawaru.
  3022 | D:2      | Found a blossoming altar of Fedhas.
  3044 | D:2      | Learned a level 2 spell: Blink
  3048 | D:2      | Learned a level 3 spell: Conjure Flame
  3052 | D:2      | Learned a level 3 spell: Mephitic Cloud
  3136 | D:3      | Reached XP level 5. HP: 29/35 MP: 3/11
  3618 | D:3      | Noticed loom's ghost (amateur HuSu)
  3878 | D:3      | Noticed Grinder
  3885 | D:3      | Paralysed by Grinder for 7 turns
  3910 | D:3      | Paralysed by Grinder for 6 turns
  3920 | D:3      | Paralysed by Grinder for 4 turns
  3921 | D:3      | Slain by Grinder

Skill      XL: |  1  2  3  4 |
---------------+-------------+-----
Conjurations   | 2 3 |  3.7
Spellcasting   | 4 |  4.6
Dodging        | |  1.7
Stealth        | |  1.7
Summonings     | |  1.0
Translocations | |  0.8

Action                   |  1- 3 |  4- 6 || total
-------------------------+-------+-------++-------
Melee: Spear             |    12 |       ||    12
       Mace              |     4 |    10 ||    14
       Long sword        |       |     3 ||     3
 Cast: Magic Dart        |   115 |   120 ||   235
  Use: Scroll            |       |    12 ||    12
       Potion            |       |     3 ||     3
  Eat: Chunk             |     3 |     6 ||     9
Armor: Robe              |     5 |    13 ||    18
Dodge: Dodged            |    19 |    36 ||    55
Block: Other             |     9 |    15 ||    24
